 Dungeon Crawl Stone Soup version 0.24.0-13-gcf9b3192b9 (console) character file.

Game seed: 4831797624504316697, levelgen mode: deterministic

16 AlterAsc the Insei (level 2, 18/18 HPs)
             Began as an Octopode Transmuter on Nov 9, 2019.
             Quit the game on level 1 of the Dungeon.
             The game lasted 00:01:02 (713 turns).

AlterAsc the Insei (Octopode Transmuter)             Turns: 713, Time: 00:01:03

Health: 18/18      AC:  1    Str:  9    XL:     2   Next: 54%
Magic:  5/5        EV: 13    Int: 15    God:
Gold:   20         SH:  0    Dex: 12    Spells: 4/5 levels left

rFire    . . .     SeeInvis .     - Unarmed
rCold    . . .     Gourm    .   (no shield)
rNeg     . . .     Faith    .   (helmet restricted)
rPois    .         Spirit   .   (no amulet)
rElec    .         Reflect  .   i - ring of teleportation (curse)
rCorr    .         Harm     .   (no ring)
MR       .....     Rnd*Tele +   (no ring)
Stlth    ++........             (no ring)
HPRegen  0.06/turn              (no ring)
MPRegen  0.09/turn              (no ring)
                                (no ring)
                                (no ring)

@: about to teleport
A: almost no armour, stealthy swim, amphibious, 8 rings, constrict 8, camouflage
1, gelatinous body 1
a: no special abilities


You were on level 1 of the Dungeon.
You were not hungry.

You visited 1 branch of the dungeon, and saw 1 of its levels.

You collected 20 gold pieces.

Inventory:

Missiles
 a - 52 arrows
Jewellery
 i - a cursed ring of teleportation (left tentacle)
Potions
 d - 2 potions of heal wounds {unknown}
 h - 2 potions of degeneration {unknown}
Comestibles
 b - 3 chunks of flesh
 c - a ration


   Skills:
 - Level 1.1 Fighting
 - Level 2.0 Dodging
 - Level 3.0 Unarmed Combat
 + Level 2.2 Spellcasting
 * Level 2.6 Transmutations


You had 4 spell levels left.
You knew the following spells:

 Your Spells              Type           Power        Failure   Level  Hunger
a - Beastly Appendage     Tmut           #.....       8%          1    #......

Your spell library contained the following spells:

 Spells                   Type           Power        Failure   Level  Hunger
 Sticks to Snakes         Tmut           #.......     12%         2    ###....
 Spider Form              Tmut/Pois      #.........   36%         3    ###....
 Ice Form                 Ice/Tmut       #.......     77%         4    #####..
 Blade Hands              Tmut           #.........   91%         5    ######.


Dungeon Overview and Level Annotations

Branches:
Dungeon (1/15)

Altars:


Innate Abilities, Weirdness & Mutations

You cannot wear most types of armour.
You are very stealthy in the water. (Stealth+)
You are amphibious.
You can wear up to eight rings at the same time.
You can use your tentacles to constrict eight enemies at once.
Your skin changes colour to match your surroundings (Stealth+).
Your rubbery body absorbs attacks. (AC +1, EV +1)


Message History

You see here a +0 club.
h - 2 sedimented white potions Some of the chunks of flesh in your inventory have rotted away.
There isn't anything here!
You see here a +0 club.
Your magical contamination has completely faded away.
Found 8 stones.
Found a stone staircase leading down.
You see here 8 stones.
i - a shiny granite ring You feel slightly jumpy.
Oops, that ring feels deathly cold.
i - a cursed ring of teleportation (left tentacle)
As you read the scroll labeled ROWEPT GEENAU, it crumbles to dust.
It is a scroll of enchant armour.
You aren't carrying any armour which can be enchanted further.
As you read the scroll labeled FENKA KUNIFURE, it crumbles to dust.
You feel strangely unstable.
It was a scroll of teleportation.
As you read the scroll labeled VACLOQ POULUEG, it crumbles to dust.
You hear a loud clanging noise!
It was a scroll of noise.
Are you sure you want to abandon this character and quit the game? (Confirm with "yes".)

#.#.#####
.#.#.# ..#.#
#..#.# #######
..#.###.....#
#.#.#.#.###.#
#>#.#.#.#.#.#
#.#...#.#.#.#
#@###)#.#...#
#(# #.#.#.###
#.###.#.#.#
#.......#.#
#####.....#####
#.....)...#
#.#..####.#
#.........#
###.#.###.#


There were no monsters in sight!

Vanquished Creatures
  2 goblins (D:1)
  3 hobgoblins (D:1)
  4 jackals (D:1)
  2 kobolds (D:1)
  A frilled lizard (D:1)
  A rat (D:1)
13 creatures vanquished.

Notes
Turn   | Place    | Note
-------+----------+-------------------------------------------
     0 | D:1      | AlterAsc the Octopode Transmuter began the quest for the
                  | Orb.
     0 | D:1      | Reached XP level 1. HP: 13/13 MP: 3/3
    21 | D:1      | Reached XP level 2. HP: 6/18 MP: 5/5
   713 | D:1      | Quit the game

Levels and vault maps discovered:
D:1:      dpeg_arrival_long_road, layout_basic

Action                   || total
-------------------------++-------
Melee: Unarmed           ||    31
       Constrict         ||     7
       Tentacles         ||     5
       Kick              ||     4
       Punch             ||     2
 Cast: Beastly Appendage ||     7
  Use: Scroll            ||     3
 Stab: Sleeping          ||     1
Armor: Skin              ||     1
Dodge: Dodged            ||    16
